 Dungeon Crawl Stone Soup version 0.31-a0-214-gb37851dbb3 (webtiles) character file.

Game seed: 15979977927057176368

65 qw the Shooter (level 4, -1/26 HPs)
             Began as a Gargoyle Hexslinger on July 1, 2023.
             Slain by a scorpion (5 damage)
             ... on level 3 of the Dungeon.
             The game lasted 00:00:42 (1590 turns).

qw the Shooter (Gargoyle Hexslinger)                Turns: 1590, Time: 00:00:42

Health: -1/26      AC:  8    Str: 11    XL:     4   Next: 14%
Magic:  5/5        EV: 10    Int: 14    God:
Gold:   128        SH:  0    Dex: 14    Spells: 4/5 levels left

rFire   . . .        Y - +2 sling
rCold   . . .        (no shield)
rNeg    + . .        f - +0 ring mail
rPois   inf          (no helmet)
rElec   +            (no cloak)
rCorr   .            (no gloves)
SInv    .            (no boots)
Will    .....        (no amulet)
Stlth   +            (no ring)
HPRegen 0.24/turn    (no ring)
MPRegen 0.09/turn

%: no passive effects
@: no status effects
A: sickness immunity, AC +3, negative energy resistance 1, electricity
resistance, torment resistance 1, petrification resistance
a: no special abilities


You were on level 3 of the Dungeon.
You visited 1 branch of the dungeon, and saw 3 of its levels.

You collected 128 gold pieces.


Innate Abilities, Weirdness & Mutations

You are immune to sickness and miasma.
Your stone body is resilient. (AC +3)
You are immune to poison.
You resist negative energy. (rN+)
You are resistant to electric shocks. (rElec)
You are resistant to unholy torment.
You are immune to petrification.


   Skills:
 - Level 2.0 Fighting
 - Level 4.0 Ranged Weapons
 + Level 0.0 Armour
 - Level 1.5 Dodging
 - Level 1.0 Spellcasting
 - Level 2.6 Hexes


You had 4 spell levels left.
You knew the following spells:

 Your Spells              Type           Power      Damage    Failure   Level
a - Slow                  Hex            32%        N/A       22%         1

Your spell library contained the following spells:

 Spells                   Type           Power      Damage    Failure   Level
 Inner Flame              Hex/Fire       4%         N/A       73%         3
 Portal Projectile        Hex/Tloc       8%         N/A       73%         3
 Cause Fear               Hex            4%         N/A       91%         4

Inventory:

Hand Weapons
 Y - a +2 sling (weapon)
Armour
 f - a +0 ring mail (worn)
Scrolls
 c - a scroll of identify {unknown}
 d - a scroll of amnesia {unknown}
Potions
 a - a potion of attraction {unknown}
 b - a potion of might {unknown}
 g - a potion of enlightenment
 h - a potion of curing {unknown}

Dungeon Overview and Level Annotations

Branches:
Dungeon (3/15)

Altars:

Shops:
D:2 [


Message History

The scorpion stings you. x2
You shoot a sling bullet. The sling bullet hits the scorpion.
The scorpion is heavily wounded.
The scorpion stings you. The scorpion barely misses you.
You shoot a sling bullet.
The sling bullet hits the scorpion but does no damage.
The scorpion is heavily wounded.
The scorpion stings you.
You shoot a sling bullet.
The sling bullet barely misses the scorpion.
The scorpion stings you. The scorpion closely misses you.
You shoot a sling bullet.
The sling bullet hits the scorpion but does no damage.
The scorpion is heavily wounded.
The scorpion barely misses you.
You shoot a sling bullet. The sling bullet hits the scorpion.
The scorpion is heavily wounded.
The scorpion misses you.
The scorpion stings you but does no damage.
You shoot a sling bullet. The sling bullet hits the scorpion.
The scorpion is heavily wounded.
The scorpion barely misses you.
You shoot a sling bullet.
The sling bullet hits the scorpion but does no damage.
The scorpion is heavily wounded.
The scorpion stings you.
The scorpion stings you but does no damage.
You shoot a sling bullet. The sling bullet hits the scorpion.
The scorpion is almost dead.
The scorpion stings you.
You shoot a sling bullet.
The sling bullet hits the scorpion but does no damage.
The scorpion is almost dead.
The scorpion stings you but does no damage.
The scorpion barely misses you.
You shoot a sling bullet. The sling bullet hits the scorpion.
The scorpion is almost dead.
The scorpion stings you but does no damage.
The scorpion stings you.
You die...

#.# #....#.
#.#####.#.##.
######............
#.................
#.######.###.#####
#.# #.# #.# #.#
#.# #.# #.# #.#
#.# #@# #.# #.#
#.s........# #<.
......######## ###
########


You could see a scorpion.

Vanquished Creatures
  2 adders (D:2)
  A worm (D:2)
  A dart slug (D:1)
  6 endoplasms
  2 giant cockroaches
  7 goblins
  2 hobgoblins
  2 jackals (D:1)
  A quokka (D:1)
  5 ball pythons
  2 bats (D:2)
  2 frilled lizards
  4 kobolds
37 creatures vanquished.

Notes
Turn   | Place    | Note
-------+----------+-------------------------------------------
     0 | D:1      | qw the Gargoyle Hexslinger began the quest for the Orb.
     0 | D:1      | Reached XP level 1. HP: 12/12 MP: 2/2
     0 | D:1      | 0 ||| qw: Version: 0.3-a-32-g5962c71
     0 | D:1      | 0 ||| qw: Game counter: 7344
     0 | D:1      | 0 ||| qw: Melee chars always use a shield: true
     0 | D:1      | 0 ||| qw: God list: Okawaru
     0 | D:1      | 0 ||| qw: Allow faded altars: false
     0 | D:1      | 0 ||| qw: Do Orc after clearing Dungeon:15 true
     0 | D:1      | 0 ||| qw: Do second Lair branch before Depths: true
     0 | D:1      | 0 ||| qw: Lair rune preference: random
     0 | D:1      | 0 ||| qw: Goals: Normal
     0 | D:1      | 0 ||| PLANNING D:1-11
   224 | D:1      | Reached XP level 2. HP: 16/16 MP: 3/3
   524 | D:1      | Reached skill level 3 in Ranged Weapons
   836 | D:1      | 836 ||| UPGRADING to +0 ring mail.
   846 | D:1      | 846 ||| DROPPING +0 robe.
   847 | D:1      | 847 ||| READING scroll labelled JENUAK QETABB.
   848 | D:1      | 848 ||| READING scroll labelled GIGOSO CADDA.
   851 | D:1      | 851 ||| DRINKING 2 brown potions.
   852 | D:1      | 852 ||| DROPPING scroll of poison.
   889 | D:2      | Found Goisunk's Armour Shop.
   893 | D:2      | 893 ||| STAIRDANCE
   895 | D:1      | HP: 3/16 [quokka (2)]
   900 | D:1      | HP: 3/16 [quokka (1)]
   968 | D:2      | 968 ||| STAIRDANCE
   971 | D:1      | Reached XP level 3. HP: 9/21 MP: 4/4
  1095 | D:2      | HP: 5/21 [frozen (3)]
  1108 | D:2      | 1108 ||| FLEEEEING.
  1109 | D:2      | 1109 ||| FLEEEEING.
  1110 | D:2      | 1110 ||| FLEEEEING.
  1111 | D:2      | 1111 ||| FLEEEEING.
  1112 | D:2      | 1112 ||| FLEEEEING.
  1113 | D:2      | 1113 ||| FLEEEEING.
  1114 | D:2      | 1114 ||| FLEEEEING.
  1115 | D:2      | 1115 ||| FLEEEEING.
  1123 | D:2      | 1123 ||| STAIRDANCE
  1161 | D:1      | 1161 ||| READING 2 scrolls labelled FEOPRO ENIU.
  1162 | D:1      | 1162 ||| DROPPING scroll of vulnerability.
  1175 | D:2      | 1175 ||| SHOPLISTING +1 pair of gloves of strength (165
                  | gold, have 103).
  1175 | D:2      | 1175 ||| SHOPLISTING +2 ring mail of positive energy (180
                  | gold, have 103).
  1263 | D:2      | Reached XP level 4. HP: 26/26 MP: 5/5
  1485 | D:2      | 1485 ||| READING scroll labelled ATSUIB MYEM.
  1571 | D:3      | Reached skill level 4 in Ranged Weapons
  1576 | D:3      | Noticed a scorpion
  1587 | D:3      | HP: 4/26 [scorpion (6)]
  1590 | D:3      | Slain by a scorpion

Levels and vault maps discovered:
D:1:      roderic_crop_circles_arrival_large, layout_loops_corners
D:2:      layout_rooms, serial_shops, shop, minmay_misc_feat_tiny,
          minmay_pentomino_x2
D:3:      layout_loops_ring, hangedman_glass_teeth

Skill      XL: |  1  2  3  4 |
---------------+-------------+-----
Ranged Weapons | 3 4 |  4.0
Fighting       | 2 |  2.0
Dodging        | |  1.5
Spellcasting   | |  1.0
Hexes          | |  2.6

Action                     |  1- 3 |  4- 6 || total
---------------------------+-------+-------++-------
   Fire: Sling             |   103 |    40 ||   143
    Use: Scroll            |     3 |     1 ||     4
         Potion            |     1 |       ||     1
 Armour: Robe              |     3 |       ||     3
         Ring mail         |    33 |    11 ||    44
  Dodge: Dodged            |    42 |    15 ||    57

Table legend:
 A = Non-vault XP
 B = Vault XP
 C = Vault XP percentage of total XP
 D = Non-vault monster count
 E = Vault monster count
 F = Vault count percentage of total count
                 A         B        C        D         E       F
            +---------+---------+-------+---------+---------+-------
      Total |      80 |      14 |  14.9 |      36 |       1 |   2.7
            +---------+---------+-------+---------+---------+-------
        D:1 |      38 |       0 |   0.0 |      20 |       0 |   0.0
        D:2 |      39 |      14 |  26.4 |      14 |       1 |   6.7
        D:3 |       3 |       0 |   0.0 |       2 |       0 |   0.0
            +---------+---------+-------+---------+---------+-------
